 Dungeon Crawl Stone Soup version 0.32-a0-571-gec57dfcd37 (webtiles) character file.

Game seed: 15524581756622272387

5 octoduck the Chopper (level 1, 0/19 HPs)
             Began as a Mountain Dwarf Monk on Mar 1, 2024.
             Slain by a kobold
             ... wielding a +0 mace
              (2 damage)
             ... on level 1 of the Dungeon.
             The game lasted 00:00:26 (111 turns).

octoduck the Chopper (Mountain Dwarf Monk)           Turns: 111, Time: 00:00:27

Health: 0/19       AC:  2    Str: 13    XL:     1   Next: 66%
Magic:  1/1        EV: 12    Int: 10    God:
Gold:   16         SH:  0    Dex: 12    Spells: 0/0 levels left

rFire   . . .        a - +0 hand axe
rCold   . . .        (no shield)
rNeg    . . .        b - +0 robe
rPois   .            (no helmet)
rElec   .            (no cloak)
rCorr   .            (no gloves)
SInv    .            (no boots)
Will    .....        (no amulet)
Stlth   +            (no ring)
HPRegen 0.23/turn    (no ring)
MPRegen 0.07/turn

%: no passive effects
@: no status effects
A: runic magic, artefact enchanting
a: no special abilities


You were on level 1 of the Dungeon.
You visited 1 branch of the dungeon, and saw 1 of its levels.

You collected 16 gold pieces.

Inventory:

Hand Weapons
 a - a +0 hand axe (weapon)
Armour
 b - a +0 robe (worn)
 d - an orb of light
Scrolls
 f - a scroll of acquirement {unknown}
Potions
 c - a potion of ambrosia
 e - a potion of might {unknown}


   Skills:
 - Level 3.2 Fighting
 + Level 4.1 Axes
 - Level 2.1 Dodging


You couldn't memorise any spells.
You didn't know any spells.
Your spell library was empty.

Dungeon Overview and Level Annotations

Branches:
Dungeon (1/15)

Altars:


Innate Abilities, Weirdness & Mutations

Your spellcasting is much less encumbered by armour.
You can use scrolls of enchantment on lesser artefacts.


Message History

Things that are here:
6 stones; a goblin corpse
There is a broken door here.
You open the door.
There is an open door here.
As you open the door, it creaks loudly!
You hear a shout!
A kobold comes into view. It is wielding a +0 mace.
The kobold shouts!
There is an open door here.
You hit the kobold.
The kobold is moderately wounded.
The kobold hits you with a +0 mace.
You barely miss the kobold.
The kobold is moderately wounded.
The kobold hits you with a +0 mace.
You hit the kobold but do no damage.
The kobold is moderately wounded.
The kobold closely misses you.
You barely miss the kobold.
The kobold is moderately wounded.
The kobold closely misses you.
You hit the kobold.
The kobold is severely wounded.
The kobold hits you with a +0 mace.
You are too injured to fight recklessly!
You are too injured to fight recklessly!
You are too injured to fight recklessly!
You are too injured to fight recklessly!
You are too injured to fight recklessly!
You closely miss the kobold.
The kobold is severely wounded.
The kobold misses you.
You closely miss the kobold.
The kobold is severely wounded.
The kobold hits you with a +0 mace.
* * * LOW HITPOINT WARNING * * *
You hit the kobold but do no damage.
The kobold is severely wounded.
The kobold hits you with a +0 mace.
You die...

####+####
###≈≈§≈≈≈§###
#≈§≈.....≈§≈#
#...K@......#
######'######
###ß#ß'ß### #####
##.........###..≈##
##.).........##..≈≈#
#............'#...≈#
.......<.....ß((..≈+
#............##...≈#
##...........##..≈≈#


You could see a kobold.

Vanquished Creatures
  2 goblins (D:1)
  2 hobgoblins (D:1)
4 creatures vanquished.

Notes
Turn   | Place    | Note
-------+----------+-------------------------------------------
     0 | D:1      | octoduck the Mountain Dwarf Monk began the quest for the
                  | Orb.
     0 | D:1      | Reached XP level 1. HP: 19/19 MP: 1/1
    82 | D:1      | Reached skill level 4 in Axes
   111 | D:1      | Slain by a kobold

Illustrated notes

Levels and vault maps discovered:
D:1:      dpeg_arrival_morbid_curiosity, layout_loops_ring, kennysheep_doodads

Skill      XL: |  1 |
---------------+----+-----
Axes           | 4 |  4.1
Fighting       | |  3.2
Dodging        | |  2.1

Action                     || total
---------------------------++-------
  Melee: Hand axe          ||    16
 Armour: Robe              ||    10
  Dodge: Dodged            ||     8

Table legend: (Time is in decaauts)
 A = Elapsed time spent in this place.
 B = Non-inter-level travel time spent in this place.
 C = Inter-level travel time spent in this place.
 D = Time resting spent in this place.
 E = Time spent auto-exploring this place.
 F = Levels seen in this place.
 G = Mean time per level.
                   A        B        C        D        E       F      G
               +--------+--------+--------+--------+--------+-----+--------+
         Total |    112 |    112 |      0 |     48 |     21 |   1 |  112.0 |
       Dungeon |    112 |    112 |      0 |     48 |     21 |   1 |  112.0 |
               +--------+--------+--------+--------+--------+-----+--------+

Top non-repeatable levels by time:
     D:1: 112 daAuts
